Map: Frost LE

Players

PuGGy

  • Race: Zerg Zerg
  • League: Master

xKawaiian - Winner!

  • Race: Terran Terran
  • League: Grandmaster

VOD

Have the link to the VOD?

Description

Time

  • Played on: Sept. 7, 2016, 12:56 a.m.
  • Length: 21:53
Show
View Real Time Build Order
Export as new Build Order

PuGGy Zerg 

Build Orders: Hatch First 

Get SALT Encoding   

  12  0:01  Drone  
  13  0:13  Overlord  
  13  0:18  Drone  
  14  0:31  Drone x2  
  14  0:35  Drone  
  17  0:53  Hatchery  
  17  0:56  Drone  
  17  0:59  Drone  
  18  1:11  Extractor  
  17  1:14  Spawning Pool  
  17  1:17  Drone  
  17  1:20  Drone  
  18  1:28  Drone  
  19  1:39  Overlord  
  19  1:50  Drone  
  20  2:01  Queen  
  20  2:04  Queen  
  20  2:06  Zergling x4  
  26  2:11  Metabolic Boost  
  26  2:15  Drone  
  27  2:23  Drone x2  
  27  2:28  Drone  
  30  2:34  Overlord  
  30  2:38  Queen  
  32  2:46  Drone x2  
  34  2:56  Drone x2  
  36  3:03  Drone  
  37  3:08  Hatchery  
  36  3:13  Queen  
  36  3:17  Overlord  
  36  3:19  Drone  
  40  3:20  Drone x2  
  40  3:26  Drone x3  
  44  3:30  Overlord  
  44  3:38  Overlord  
  44  3:41  Drone  
  44  3:42  Roach Warren  
  44  3:46  Overlord  
  44  3:50  Drone x3  
  47  3:56  Overlord  
  47  3:58  Extractor, Drone x2  
  48  4:06  Overlord  
  48  4:07  Drone  
  49  4:18  Overlord, Evolution Chamber  
  49  4:19  Evolution Chamber, Drone  
  49  4:23  Queen  
  50  4:25  Roach  
  50  4:26  Roach  
  50  4:27  Roach  
  56  4:33  Roach x2  
  56  4:35  Roach  
  62  4:43  Drone x5  
  67  4:49  Drone x2  
  69  4:55  Drone x4  
  72  5:02  Drone x2  
  73  5:07  Drone x2  
  73  5:09  Zerg Ground Armor Level 1, Zerg Melee Weapons Level 1  
  73  5:13  Extractor  
  73  5:14  Spore Crawler  
  73  5:16  Spore Crawler  
  73  5:18  Drone, Spore Crawler  
  72  5:24  Drone x4  
  72  5:27  Zergling x2  
  77  5:30  Lair  
  77  5:32  Drone x2  
  77  5:35  Roach  
  81  5:49  Zergling x24  
  93  5:53  Extractor x2  
  93  5:55  Spine Crawler  
  90  6:00  Drone x3  
  90  6:13  Drone x4  
  90  6:14  Drone  
  90  6:18  Drone x3  
  95  6:19  Drone x2  
  95  6:20  Overlord x2  
  98  6:31  Overlord x2  
  96  6:34  Drone x2  
  96  6:36  Extractor  
  97  6:46  Drone x4  
  101  6:49  Hatchery  
  101  6:51  Zergling x8  
  101  6:53  Hatchery  
  103  7:04  Zergling x12  
  103  7:05  Zergling x2  
  103  7:07  Infestation Pit  
  109  7:09  Baneling Nest  
  102  7:18  Spine Crawler  
  102  7:20  Spine Crawler, Zerg Melee Weapons Level 2  
  102  7:21  Zerg Ground Armor Level 2  
  98  7:23  Drone x2  
  98  7:24  Drone x2  
  98  7:29  Drone  
  104  7:30  Drone x4  
  107  7:41  Overlord x2  
  107  7:47  Spine Crawler, Zergling x2, Spore Crawler  
  107  7:48  Zergling x10  
  111  7:55  Hive  
  111  7:56  Centrifical Hooks  
  110  7:58  Baneling x2  
  110  7:59  Baneling x2  
  110  8:02  Zergling x4  
  112  8:06  Zergling x8  
  112  8:09  Zergling x4  
  118  8:15  Pathogen Glands  
  118  8:19  Drone x5  
  123  8:20  Drone  
  123  8:21  Baneling x2  
  123  8:22  Baneling x2  
  118  8:41  Drone  
  118  8:42  Drone x6  
  118  8:43  Drone  
  123  8:56  Zergling x36  
  139  9:05  Drone x4  
  139  9:06  Drone  
  139  9:09  Extractor  
  139  9:10  Adrenal Glands  
  139  9:11  Zergling x4, Extractor  
  139  9:12  Ultralisk Cavern, Zergling x6  
  139  9:14  Baneling x4  
  139  9:15  Baneling x2  
  139  9:16  Baneling  
  141  9:21  Zergling x8  
  139  9:32  Overseer x3  
  139  9:34  Pneumatized Carapace  
  139  9:36  Overlord x2  
  139  9:52  Zerg Melee Weapons Level 3  
  139  9:53  Zerg Ground Armor Level 3  
  139  9:54  Spore Crawler  
  135  10:04  Chitinous Plating  
  135  10:05  Ultralisk x3  
  152  10:14  Zergling x12  
  154  10:15  Zergling x6  
  161  10:25  Baneling x5  
  161  10:28  Overlord x5  
  159  10:33  Spire  
  158  10:38  Overlord x5  
  158  10:39  Overlord  
  158  10:52  Baneling x5  
  158  10:53  Baneling  
  144  11:06  Ultralisk x4  
  144  11:10  Spore Crawler  
  164  11:18  Baneling x6  
  150  11:51  Corruptor  
  150  11:52  Corruptor x6  
  150  11:53  Ultralisk x2  
  176  11:58  Hatchery  
  176  12:01  Zerg Flyer Armor Level 1  
  173  12:26  Ultralisk x3  
  190  12:40  Zergling x4  
  190  12:41  Zergling x16  
  190  12:53  Zergling x12  
  180  12:58  Corruptor  
  180  12:59  Corruptor  
  180  13:01  Zergling x6  
  181  13:09  Drone  
  181  13:10  Drone  
  181  13:11  Drone x4  
  181  13:12  Drone  
  188  13:14  Overseer  
  188  13:17  Baneling x5  
  188  13:18  Baneling  
  188  13:24  Drone x5  
  188  13:25  Drone  
  187  13:36  Zergling x16  
  187  13:37  Zergling x2  
  178  13:53  Drone x7  
  178  13:54  Drone x3  
  167  14:13  Extractor  
  167  14:14  Extractor  
  167  14:15  Extractor, Spore Crawler  
  167  14:16  Spine Crawler  
  141  14:17  Spine Crawler x2  
  141  14:18  Zerg Missile Weapons Level 1  
  141  14:19  Zerg Flyer Armor Level 2  
  138  14:29  Ultralisk  
  144  14:40  Hatchery  
  143  14:49  Spore Crawler  
  143  14:50  Spine Crawler  
  143  14:51  Corruptor x4  
  143  14:52  Overseer  
  149  14:55  Infestor x2  
  151  15:03  Ultralisk  
  157  15:12  Baneling x6  
  157  15:13  Spore Crawler, Spine Crawler, Baneling x2  
  154  15:23  Queen x3  
  154  16:00  Hatchery  
  129  16:12  Corruptor x4  
  129  16:18  Corruptor  
  129  16:19  Corruptor x3  
  137  16:29  Zergling x12  
  125  16:43  Ultralisk  
  125  16:45  Zergling x6  
  132  16:55  Infestor x2  
  132  16:59  Greater Spire  
  116  17:28  Corruptor  
  116  17:29  Ultralisk x2  
  104  17:46  Ultralisk  
  110  17:54  Infestor x2  
  115  18:05  Drone x2  
  115  18:06  Drone x3  
  117  18:22  Brood Lord x2  
  121  18:29  Drone x2  
  123  18:35  Roach  
  107  19:03  Ultralisk  
  107  19:10  Ultralisk  
  107  19:13  Infestor x2  
  97  19:28  Corruptor  
  99  19:33  Zergling x6  
  91  19:51  Brood Lord  
  80  20:22  Swarm Host  
  73  20:41  Overseer x2  
Show
View Real Time Build Order
Export as new Build Order

xKawaiian Terran - Winner!

Build Orders: Reaper Expand, MMM Bio 

Get SALT Encoding   

  12  0:00  SCV  
  13  0:12  SCV  
  14  0:17  Supply Depot  
  14  0:25  SCV  
  15  0:38  SCV  
  15  0:40  Barracks  
  16  0:44  Refinery  
  16  0:50  SCV  
  17  1:03  SCV  
  18  1:15  SCV  
  19  1:27  Orbital Command  
  19  1:28  Reaper  
  20  1:40  Command Center  
  20  1:50  Supply Depot  
  20  1:53  SCV  
  21  2:00  Barracks Reactor  
  21  2:05  SCV  
  22  2:21  Command Center  
  22  2:29  Factory  
  22  2:31  SCV  
  22  2:36  Marine  
  24  2:37  Marine  
  24  2:43  SCV  
  26  2:54  Marine  
  26  2:55  Marine  
  26  2:56  SCV  
  29  3:00  Orbital Command  
  29  3:08  SCV  
  34  3:20  SCV, Hellion x2  
  34  3:25  Armory  
  34  3:26  Supply Depot  
  35  3:29  Barracks Tech Lab  
  35  3:30  SCV  
  35  3:32  SCV  
  37  3:43  Orbital Command  
  37  3:45  SCV  
  38  3:49  Marine  
  38  3:51  Refinery, Hellion x2  
  38  3:52  SCV  
  44  3:56  Stimpack  
  44  3:59  SCV  
  45  4:04  SCV  
  45  4:07  Marine  
  45  4:09  SCV  
  48  4:11  SCV  
  48  4:12  Hellion  
  48  4:16  SCV  
  52  4:17  Refinery  
  52  4:22  Supply Depot  
  53  4:26  Starport  
  53  4:27  SCV  
  53  4:28  SCV, Orbital Command  
  54  4:35  Engineering Bay  
  54  4:37  Engineering Bay  
  54  4:39  SCV  
  54  4:41  SCV  
  56  4:50  Marine  
  56  4:51  SCV  
  56  4:52  Hellion x2  
  62  4:53  SCV  
  62  4:59  SCV  
  64  5:06  Starport Reactor  
  64  5:08  SCV  
  64  5:09  Barracks x2  
  64  5:10  Barracks  
  64  5:14  Hellion  
  67  5:16  Terran Infantry Armor Level 1, Terran Infantry Weapons Level 1  
  67  5:17  Marauder  
  69  5:21  SCV  
  69  5:22  SCV x2  
  69  5:26  Refinery  
  72  5:34  SCV x3  
  75  5:37  Barracks  
  75  5:38  Marauder  
  75  5:40  Barracks  
  77  5:52  Supply Depot  
  77  5:56  Supply Depot  
  77  5:57  Barracks Reactor  
  77  5:58  Supply Depot  
  77  5:59  Combat Shields  
  77  6:01  Barracks Tech Lab  
  77  6:07  Marine, SCV  
  77  6:11  SCV x2  
  77  6:13  Medivac x2  
  77  6:15  Hellion  
  81  6:19  SCV  
  81  6:20  Supply Depot  
  81  6:22  Supply Depot  
  81  6:23  SCV x2  
  81  6:24  Bunker  
  84  6:26  Barracks Tech Lab  
  84  6:29  Barracks Reactor  
  84  6:30  Barracks Reactor  
  82  6:34  Concussive Shells, Marine x2  
  82  6:37  Hellion  
  86  6:40  SCV  
  86  6:43  Medivac x2  
  86  6:45  Refinery  
  86  6:46  Refinery  
  91  6:47  Marine  
  91  6:48  Marauder  
  91  6:49  Terran Vehicle And Ship Armor Level 1  
  91  6:50  SCV  
  95  6:55  Marine x2  
  95  6:56  Marauder  
  95  6:57  SCV  
  99  7:05  Marine  
  99  7:07  Marine  
  101  7:09  Marauder  
  101  7:11  Marine  
  102  7:17  Marauder  
  102  7:18  Marine  
  102  7:20  Widow Mine  
  102  7:21  SCV  
  102  7:22  SCV x2  
  110  7:25  Supply Depot x2  
  110  7:30  Marine, Marauder  
  110  7:33  SCV  
  110  7:34  SCV  
  110  7:36  Terran Infantry Weapons Level 2, Terran Infantry Armor Level 2  
  115  7:41  Marauder  
  117  7:46  Marine  
  117  7:52  Marine  
  117  7:53  Marine  
  117  7:54  Marine, Medivac  
  117  7:57  Supply Depot  
  122  7:59  SCV  
  122  8:04  Command Center  
  123  8:07  Marine  
  123  8:09  Fusion Core, Starport, Medivac  
  126  8:15  Marine x2, Marauder x2  
  132  8:22  Marine x2  
  132  8:23  Marine, Marauder  
  132  8:24  SCV x2  
  132  8:25  Marine  
  132  8:26  SCV  
  141  8:38  Supply Depot x2  
  141  8:43  Supply Depot  
  141  8:44  Supply Depot  
  141  8:53  SCV  
  141  8:54  Marine x2, SCV x2  
  141  8:55  Marauder  
  141  8:57  Widow Mine  
  141  8:58  Widow Mine  
  141  8:59  Marine x2  
  141  9:00  Marauder  
  142  9:04  Marine x2, Marauder  
  142  9:07  SCV x2  
  142  9:09  Supply Depot  
  144  9:10  Supply Depot  
  144  9:13  Supply Depot  
  141  9:23  Marauder  
  142  9:29  Marine x4  
  142  9:30  Marine x2, Marauder x2  
  140  9:33  Medivac x2  
  140  9:34  Planetary Fortress  
  140  9:36  Missile Turret, Starport Tech Lab  
  140  9:37  Refinery x2  
  140  9:38  Widow Mine  
  144  9:44  Marauder  
  148  9:47  Marine x3  
  148  9:49  Supply Depot  
  148  9:51  Marauder  
  148  9:52  SCV x2  
  155  10:03  Medivac x2  
  155  10:04  Marine x3, Marauder  
  155  10:05  Terran Infantry Weapons Level 3  
  162  10:07  Medivac  
  162  10:08  Marine  
  162  10:09  Widow Mine  
  162  10:12  Marauder, Marine  
  170  10:20  Liberator, Marine x2  
  172  10:21  Widow Mine  
  172  10:22  Marine  
  172  10:26  Marauder  
  175  10:29  Marine  
  175  10:33  Medivac x2  
  178  10:37  Widow Mine  
  183  10:46  Liberator x2  
  183  10:49  Marine  
  183  10:50  Widow Mine, Marauder  
  183  10:53  Missile Turret, Command Center  
  183  10:54  Marine x2  
  183  10:55  Marauder, Marine  
  184  11:02  Marine  
  184  11:03  Liberator  
  177  11:06  Widow Mine  
  177  11:10  Marine  
  165  11:13  Marine  
  165  11:17  Marine, Terran Ship Weapons Level 1  
  167  11:19  Marine  
  167  11:23  Marine  
  168  11:26  Marine, Marauder  
  168  11:27  Widow Mine, Marine x2  
  168  11:29  Liberator x2, Marine  
  168  11:30  Marine  
  174  11:34  Widow Mine  
  174  11:36  Marine  
  174  11:37  Marine  
  174  11:41  Marine  
  174  11:44  SCV x2  
  174  11:45  Liberator, SCV  
  174  11:46  Marauder  
  184  11:49  Marine x2  
  184  11:50  Marine x2, Marauder  
  184  11:51  Terran Infantry Armor Level 3  
  190  11:59  Advanced Ballistics  
  189  12:04  Widow Mine x2  
  196  12:09  Marine x2  
  196  12:10  Marine  
  196  12:14  Marine  
  200  12:26  Marauder  
  200  12:31  Command Center  
  200  12:39  Marine  
  196  12:49  Liberator x2, Marine  
  176  12:58  Liberator  
  155  13:05  Marine x2  
  132  13:06  Marine x3  
  132  13:07  Marine  
  132  13:09  Widow Mine x2  
  132  13:10  Marine, Marauder  
  132  13:12  Marauder  
  149  13:23  Marine x2  
  149  13:24  Marine x2  
  149  13:25  Marine x2  
  153  13:28  Marauder  
  153  13:31  Marauder  
  153  13:32  Liberator x2  
  153  13:33  Marine  
  157  13:37  Widow Mine  
  157  13:38  Widow Mine  
  157  13:40  Liberator, Marine  
  150  13:41  Marine  
  150  13:42  Marine x2  
  120  13:49  Marine, Marauder  
  120  13:51  Marauder  
  120  13:53  Marauder  
  118  14:02  Marine x2  
  116  14:06  Widow Mine  
  116  14:07  Widow Mine  
  114  14:11  Marauder  
  114  14:12  Marauder  
  114  14:14  Marauder  
  114  14:15  Liberator x2, Orbital Command  
  104  14:18  Marine  
  104  14:19  Orbital Command  
  104  14:23  Liberator  
  99  14:32  Marauder  
  99  14:33  SCV  
  99  14:36  Widow Mine  
  110  14:45  Marine x3, SCV  
  117  14:53  SCV x2  
  119  15:00  Barracks Tech Lab  
  119  15:03  SCV  
  119  15:04  Widow Mine  
  119  15:05  SCV  
  123  15:08  Marine  
  123  15:09  Marauder  
  123  15:11  Marine, Marauder  
  123  15:12  Marine, Marauder  
  132  15:15  Medivac x2  
  132  15:21  Marine  
  132  15:22  Marauder  
  132  15:26  Marine  
  132  15:27  Planetary Fortress  
  132  15:28  Marine, SCV  
  137  15:29  Marine  
  137  15:34  Factory Reactor  
  139  15:43  Marauder, Marine  
  139  15:48  Marine  
  140  15:57  Marine, Medivac  
  140  15:58  Marauder  
  140  15:59  Marine  
  140  16:03  Medivac x2  
  117  16:04  Marine x2  
  117  16:10  Marine x2  
  117  16:11  Marauder, SCV  
  111  16:23  Marine x2  
  109  16:27  Medivac  
  109  16:30  Marine x2, Marauder  
  109  16:31  Marauder  
  102  16:33  SCV x2, Medivac x2  
  102  16:36  SCV x2  
  102  16:39  Marine  
  107  16:40  Marauder  
  107  16:41  Marine x2  
  107  16:42  Widow Mine  
  107  16:45  SCV  
  107  16:46  SCV  
  113  16:52  Marauder x2  
  115  16:56  Marine x2  
  115  16:57  Medivac  
  115  16:58  Marauder  
  119  17:03  SCV x2, Medivac x2  
  124  17:12  Widow Mine x2  
  124  17:13  Marauder  
  122  17:23  Marine x2, SCV  
  122  17:27  Medivac  
  122  17:28  Marine, Marauder  
  126  17:32  Marine  
  126  17:33  Medivac x2  
  129  17:39  Marine x3  
  129  17:40  Widow Mine x2, Marine  
  129  17:41  Marine  
  138  17:46  Marine, SCV  
  138  17:47  SCV x3  
  138  17:49  Marine  
  134  17:56  Marine  
  134  17:57  Marauder x2  
  139  17:59  SCV  
  141  18:05  SCV  
  141  18:09  Widow Mine x2  
  141  18:10  Marine x2  
  141  18:11  SCV  
  141  18:12  SCV x2  
  143  18:16  Medivac  
  143  18:17  SCV  
  142  18:20  Marine, Marauder  
  142  18:23  Refinery  
  142  18:24  Refinery, SCV  
  146  18:29  Marine  
  146  18:30  Marine, Marauder x2  
  146  18:34  Marine, Marauder  
  154  18:37  Marine  
  155  18:47  Marine  
  155  18:48  Marine  
  156  18:50  Marauder  
  156  18:53  Marine x2  
  156  18:56  Marine  
  156  18:58  Marauder, Viking  
  156  19:01  Marine  
  141  19:05  Marine  
  141  19:07  Marine  
  127  19:11  Widow Mine, Marauder x2, Medivac  
  127  19:16  Medivac  
  127  19:17  Marine  
  124  19:23  Marine  
  124  19:24  Widow Mine, Marine x2  
  120  19:27  Marine  
  120  19:28  Medivac  
  120  19:29  Marine  
  125  19:32  Marine x2  
  125  19:34  Marine  
  128  19:39  Widow Mine  
  128  19:41  Marine, SCV  
  128  19:42  Marine  
  131  19:48  Marine x2, SCV  
  131  19:52  Widow Mine  
  134  19:53  Marine  
  134  19:55  Marine  
  134  19:57  Medivac  
  123  20:16  Marine x2  
  112  20:23  Marine  
  112  20:27  Marine x2  
  100  20:29  Marine, Viking x2, Marauder  
  100  20:32  Marine  
  100  20:33  Marine  
  100  20:34  Marine  
  98  20:40  Marine  
  95  20:44  Marine  
  95  20:45  Marine  
  95  20:47  Marine  
  98  20:50  Marine x2  
  98  20:51  Marine  
  98  20:52  Marine  
  99  20:58  Marine  
  99  21:02  Marine  
  99  21:03  Marauder  
  96  21:05  Marine  
  96  21:06  Viking  
  96  21:08  Marine, Marauder  
  96  21:09  Marine, Viking  
  103  21:12  Marine  
  103  21:15  SCV  
  103  21:16  Marine  
  105  21:20  Marine  
  105  21:23  Marauder  
  105  21:24  Marine  
  99  21:26  Marine  
  99  21:27  Marine  
  99  21:28  SCV  
  99  21:30  Marauder  
  102  21:39  SCV  
Tags
 
Add a new tag
Caveats
  • Supply blocks, unpowered buildings, or Contaminate may cause inaccurate times.
  • Supply counts are checked every 10 seconds.